 Dungeon Crawl Stone Soup version 0.31-a0-187-gba352fbbf7 (webtiles) character file.

Game seed: 17000541600834413830

89 qw the Shooter (level 4, -1/25 HPs)
             Began as a Deep Elf Hunter on June 22, 2023.
             Slain by an orc
             ... wielding a +0 dagger
              (2 damage)
             ... on level 3 of the Dungeon.
             The game lasted 00:00:35 (1595 turns).

qw the Shooter (Deep Elf Hunter)                    Turns: 1595, Time: 00:00:36

Health: -1/25      AC:  5    Str: 10    XL:     4   Next: 31%
Magic:  6/6        EV: 11    Int: 14    God:
Gold:   91         SH:  0    Dex: 18    Spells: 3/3 levels left

rFire   . . .        Y - +0 shortbow
rCold   . . .        (shield currently unavailable)
rNeg    . . .        e - +0 ring mail
rPois   .            (no helmet)
rElec   .            (no cloak)
rCorr   .            (no gloves)
SInv    .            (no boots)
Will    .....        (no amulet)
Stlth   +            (no ring)
HPRegen 0.24/turn    (no ring)
MPRegen 0.10/turn

%: no passive effects
@: no status effects
A: no striking features
a: no special abilities


You were on level 3 of the Dungeon.
You visited 1 branch of the dungeon, and saw 3 of its levels.

You collected 91 gold pieces.


   Skills:
 - Level 1.5 Fighting
 + Level 7.7 Ranged Weapons
 - Level 2.4 Dodging
 - Level 1.2 Stealth


You had 3 spell levels left.
You didn't know any spells.
Your spell library was empty.

Inventory:

Hand Weapons
 Y - a +0 shortbow (weapon)
Armour
 e - a +0 ring mail (worn)
Scrolls
 a - a scroll of brand weapon {unknown}
Potions
 b - a potion of enlightenment {unknown}
 c - a potion of might {unknown}
 d - a potion of cancellation {unknown}
 f - a potion of attraction {unknown}
 h - a potion of curing {unknown}

Dungeon Overview and Level Annotations

Branches:
Dungeon (3/15)

Altars:

Annotations:
D:3 Natasha


Message History

The orc shouts!
Natasha, Servant of Life and Death comes into view.
You shoot an arrow. The arrow closely misses the quokka.
Natasha hisses angrily.
Natasha casts a spell at you. The magic dart hits you.
You shoot an arrow. The arrow closely misses the quokka.
You shoot an arrow. The arrow hits the quokka!
You kill the quokka!
You shoot an arrow. The arrow misses Natasha.
You shoot an arrow. The arrow closely misses the orc.
Natasha mumbles some strange words.
The orc hits you but does no damage.
You shoot an arrow.
The arrow closely misses the cerulean imp.
Natasha completely misses you. The orc hits you with a +0 dagger.
The cerulean imp hits you with a +0 spear.
You shoot an arrow.
The arrow hits the cerulean imp but does no damage.
Natasha claws you. The orc barely misses you.
The cerulean imp hits you with a +0 spear.
You shoot an arrow. The arrow hits the cerulean imp.
The cerulean imp is moderately wounded.
Natasha claws you but does no damage. The orc hits you but does no damage.
The cerulean imp hits you with a +0 spear.
You shoot an arrow. The arrow hits the cerulean imp!
You kill the cerulean imp!
The cerulean imp disappears in a puff of smoke!
Natasha barely misses you. The orc closely misses you.
You shoot an arrow. The arrow hits Natasha!
Natasha is heavily wounded.
Natasha claws you but does no damage. The orc barely misses you. x2
Natasha closely misses you.
You shoot an arrow. The arrow barely misses Natasha.
Natasha stares at you and mumbles some strange words.
You resist with some effort. The orc closely misses you.
You shoot an arrow. The arrow hits Natasha!
Natasha is almost dead.
Natasha claws you. The orc hits you with a +0 dagger.
You die...

.(..####.#
.....#########.... #.#
.................. #..
..................####..
..............# #......
....=.........####......
..............#.........
......ho......#.........
.....%.@......#.........
.##...........#.....####
..............#.....#
..#...........#.....# .
##..........#.....#
......##%########.#
####.#.##..........#
...#.#......######
#.###.#.####......


You could see Natasha and an orc.

Vanquished Creatures
  4 adders (D:2)
  2 dart slugs
  An orc (D:3)
  A ball python (D:2)
  6 endoplasms
  A giant cockroach (D:1)
  6 goblins
  4 hobgoblins
  5 kobolds
  4 quokkas
  4 bats
  3 frilled lizards
  4 rats
45 creatures vanquished.

Notes
Turn   | Place    | Note
-------+----------+-------------------------------------------
     0 | D:1      | qw the Deep Elf Hunter began the quest for the Orb.
     0 | D:1      | Reached XP level 1. HP: 12/12 MP: 3/3
     0 | D:1      | 0 ||| qw: Version: 0.3-a-9-g12657ce
     0 | D:1      | 0 ||| qw: Game counter: 2353
     0 | D:1      | 0 ||| qw: Always use a shield: true
     0 | D:1      | 0 ||| qw: God list: Okawaru
     0 | D:1      | 0 ||| qw: Allow faded altars: false
     0 | D:1      | 0 ||| qw: Do Orc after D:15 true
     0 | D:1      | 0 ||| qw: Do second Lair branch before Depths: true
     0 | D:1      | 0 ||| qw: Lair rune preference: random
     0 | D:1      | 0 ||| qw: Plans: Normal
     0 | D:1      | 0 ||| PLANNING D:1-11
   164 | D:1      | Reached skill level 6 in Ranged Weapons
   164 | D:1      | Reached XP level 2. HP: 16/16 MP: 4/4
   446 | D:1      | 446 ||| UPGRADING to +0 ring mail.
   456 | D:1      | 456 ||| DROPPING +0 leather armour.
   457 | D:1      | 457 ||| READING scroll labelled PEAFACS EVUA.
   458 | D:1      | 458 ||| READING scroll labelled GAF VULECKETZ.
   459 | D:1      | 459 ||| READING scroll labelled YCUAMA PAPTU.
   460 | D:1      | 460 ||| DROPPING scroll of butterflies.
   720 | D:2      | Reached XP level 3. HP: 20/20 MP: 5/5
   763 | D:2      | Reached skill level 7 in Ranged Weapons
  1018 | D:2      | Reached XP level 4. HP: 25/25 MP: 6/6
  1414 | D:2      | 1414 ||| READING scroll labelled YMACUY MEEBBAE.
  1583 | D:3      | Noticed Natasha
  1591 | D:3      | HP: 6/25 [cerulean imp/+0 spear[Natasha] (5)]
  1595 | D:3      | HP: 1/25 [Natasha (6)]
  1595 | D:3      | Slain by an orc

Levels and vault maps discovered:
D:1:      dpeg_arrival_rooms_c, layout_rooms
D:2:      layout_basic
D:3:      layout_basic, uniq_natasha

Skill      XL: |  1  2  3 |
---------------+----------+-----
Ranged Weapons | 6 7 |  7.7
Fighting       | |  1.5
Dodging        | |  2.4
Stealth        | |  1.2

Action                     |  1- 3 |  4- 6 || total
---------------------------+-------+-------++-------
   Fire: Shortbow          |   110 |    35 ||   145
    Use: Scroll            |     3 |     1 ||     4
 Armour: Leather armour    |     2 |       ||     2
         Ring mail         |     4 |     4 ||     8
  Dodge: Dodged            |    22 |    13 ||    35

Table legend:
 A = Non-vault XP
 B = Vault XP
 C = Vault XP percentage of total XP
 D = Non-vault monster count
 E = Vault monster count
 F = Vault count percentage of total count
                 A         B        C        D         E       F
            +---------+---------+-------+---------+---------+-------
      Total |     128 |       0 |   0.0 |      45 |       0 |   0.0
            +---------+---------+-------+---------+---------+-------
        D:1 |      24 |       0 |   0.0 |      13 |       0 |   0.0
        D:2 |      89 |       0 |   0.0 |      24 |       0 |   0.0
        D:3 |      15 |       0 |   0.0 |       8 |       0 |   0.0
            +---------+---------+-------+---------+---------+-------
